Map: Catalyst LE

Players

axu - Winner!

  • Race: Protoss Protoss
  • League: Platinum
  • Spawn Location: 5:00

DoDo

  • Race: Protoss Protoss
  • League: Diamond
  • Spawn Location: 11:00

VOD

Have the link to the VOD?

Description

Time

  • Played on: March 7, 2018, 8:25 a.m.
  • Length: 4:45
Show
View Real Time Build Order
Export as new Build Order

axu Protoss - Winner!

Build Orders:  

Get SALT Encoding   

  12  0:01  Probe  
  13  0:14  Probe  
  13  0:18  Pylon  
  14  0:27  Probe  
  15  0:39  Probe  
  16  0:46  Gateway  
  16  0:51  Probe (Chrono Boost)  
  16  0:55  Assimilator  
  18  1:05  Probe (Chrono Boost)  
  18  1:12  Probe  
  19  1:22  Gateway  
  19  1:24  Probe  
  20  1:31  Assimilator  
  20  1:36  Probe  
  21  1:43  Cybernetics Core  
  21  1:48  Probe  
  22  1:59  Pylon  
  22  2:02  Pylon  
  22  2:09  Pylon  
  22  2:16  Probe  
  22  2:17  Stalker (Chrono Boost)  
  22  2:18  Stalker (Chrono Boost)  
  27  2:36  Robotics Facility  
  27  3:03  Pylon  
  27  3:25  Stalker  
  29  3:29  Immortal (Chrono Boost)  
  33  3:46  Cybernetics Core  
  35  3:55  Zealot  
  35  4:18  Pylon  
  35  4:21  Pylon  
  35  4:27  Gateway  
Show
View Real Time Build Order
Export as new Build Order

DoDo Protoss 

Build Orders:  

Get SALT Encoding   

  12  0:01  Probe  
  13  0:14  Probe  
  14  0:26  Probe  
  15  0:42  Pylon  
  15  1:00  Probe  
  15  1:01  Gateway  
  15  1:03  Gateway  
  16  1:07  Forge  
  16  1:12  Probe  
  17  1:39  Pylon  
  17  1:47  Pylon  
  17  1:48  Zealot (Chrono Boost)  
  21  1:59  Zealot (Chrono Boost)  
  21  2:02  Photon Cannon x2  
  21  2:13  Zealot (Chrono Boost)  
  25  2:26  Zealot (Chrono Boost)  
  25  2:39  Photon Cannon  
  25  2:44  Zealot  
  26  3:04  Zealot (Chrono Boost)  
  26  3:11  Zealot (Chrono Boost)  
  26  3:34  Zealot x2 (Chrono Boost)  
  26  3:38  Assimilator  
  24  3:56  Zealot x2  
  24  4:00  Probe  
  29  4:12  Probe  
  28  4:24  Probe  
Tags
 
Matchup
PvP
Spawn Locations
Cross Positions
Add a new tag
Caveats
  • Supply blocks, unpowered buildings, or Contaminate may cause inaccurate times.
  • Supply counts are checked every 10 seconds.